 Dungeon Crawl Stone Soup version 0.29-a0-118-g06d03a830b (webtiles) character file.

Game seed: 13564093422562206496

780 Gargoyl the Chopper (level 7, 0/44 HPs)
             Began as a Gargoyle Abyssal Knight on Feb 19, 2022.
             Was a Believer of Lugonu.
             Killed by divine providence
             ... invoked by an orc priest
              (12 damage)
             ... on level 5 of the Dungeon.
             The game lasted 00:08:36 (6206 turns).

Gargoyl the Chopper (Gargoyle Abyssal Knight)       Turns: 6206, Time: 00:08:37

Health: 0/44       AC: 15    Str: 18    XL:     7   Next: 85%
Magic:  8/8        EV: 10    Int: 11    God:    Lugonu [**....]
Gold:   22         SH:  0    Dex: 10    Spells: 6/6 levels left

rFire   + . .      SeeInvis .   o - +0 hand axe (venom)
rCold   + . .      Faith    .   (no shield)
rNeg    + . .      Spirit   .   e - +0 scale mail {rF+}
rPois   ∞          Reflect  .   (no helmet)
rElec   +          Harm     .   j - scarf {repulsion}
rCorr   .          Rampage  .   h - +1 pair of gloves
Will    .....                   b - +0 pair of boots
Stlth   ..........              (no amulet)
HPRegen 0.14/turn               d - ring of protection from cold
MPRegen 0.11/turn               (no ring)

@: repel missiles
A: sickness immunity, AC +4, negative energy resistance 1, electricity
resistance, torment resistance 1, petrification resistance
a: Renounce Religion, Depart the Abyss, Bend Space


You were on level 5 of the Dungeon.
You worshipped Lugonu.
Lugonu was pleased with you.
You visited 1 branch of the dungeon, and saw 5 of its levels.
You visited the Abyss 1 time.

You collected 142 gold pieces.
You spent 120 gold pieces at shops.

Inventory:

Hand Weapons
 a - a +1 hand axe
 m - a +0 dagger of venom
 o - a +0 hand axe of venom (weapon)
Armour
 b - a +0 pair of boots (worn)
 e - a +0 scale mail of fire resistance (worn)
 h - a +1 pair of gloves (worn)
 j - a scarf of repulsion (worn)
Jewellery
 d - a ring of protection from cold (left hand)
Wands
 g - a wand of flame (9)
Scrolls
 k - a scroll of identify
Potions
 c - 3 potions of brilliance
 f - 2 potions of lignification
 i - 2 potions of resistance {unknown}
 l - 2 potions of flight
 n - a potion of curing


   Skills:
 + Level 4.9 Fighting
 + Level 5.4 Axes
 + Level 4.7 Armour
 + Level 2.4 Dodging
 + Level 1.6 Stealth
 + Level 2.1 Invocations


You had 6 spell levels left.
You didn't know any spells.
Your spell library was empty.

Dungeon Overview and Level Annotations

Branches:
Dungeon (5/15)
 Temple: D:4-7

Altars:
Cheibriados
Elyvilon
Fedhas
Hepliaklqana
Sif Muna
Xom

Shops:
D:1 *


Innate Abilities, Weirdness & Mutations

You are immune to sickness and miasma.
Your stone body is resilient. (AC +4)
You are immune to poison.
You resist negative energy. (rN+)
You are resistant to electric shocks. (rElec)
You are resistant to unholy torment.
You are immune to petrification.


Message History

The puff of frost hits you but does no damage.
Blork the orc zaps a wand.
The puff of flame hits you but does no damage.
You hit Blork the orc.
You kill Blork the orc!
Lugonu accepts your kill.
You start resting.
Magic restored.
You start resting.
Your transformation is almost over.
You feel less wooden.
Your scarf of repulsion unmelds from your body.
Your +1 pair of gloves unmelds from your body.
Your +0 pair of boots unmelds from your body.
Your +0 scale mail of fire resistance unmelds from your body.
You are surrounded by a repulsion field.
You feel resistant to fire.
You start resting.
HP restored.
g - a wand of flame (9)
Things that are here:
a +0 battleaxe; a +0 robe; the orc skeleton of Blork the orc
i - 2 metallic sapphire potions You open the door. 2 orc priests, 2 orcs and an orc wizard come into view.
An orc priest is wielding a +0 flail of draining.
The orc priest shouts! x2; The orc shouts!
The orc wizard shouts!
An orc wizard comes into view. It is wielding a +0 dagger. x2
The orc wizard moves out of view.
Found a blossoming altar of Fedhas.
The orc barely misses you.
The orc priest casts a cantrip, but nothing happens.
The orc priest invokes the aid of Beogh against you.
Beogh smites you!
The orc priest calls down the wrath of Beogh upon you.
Beogh smites you!
* * * LOW HITPOINT WARNING * * *
The orc priest calls down the wrath of Beogh upon you.
Beogh smites you!
You die...

##### ***** ##...## ,,,,*
##.....## ,,,,* #.......# ######
,,,,* #.......# #..... ,,.,*
#...>...# ####.####
,,..#####.....###########........
**.....#...)....@.o.o..oo.###....
***##....>÷...#......###........
#..........######.##..###....
###...#.....###........## ####. *
#..........###..###.#### #####. *
#.##..#.##.#*#,** #..,* ##..... *
#<###.#.##.#*,,* ###.###..#o..
**#.# #....#.#,,** *#..........
....# ###....#,*** **#..##..o####


You could see an orc priest and 2 orcs.

Vanquished Creatures
  Sigmund (D:2)
  An ogre (D:3)
  Blork the orc (D:5)
  2 scorpions
  3 iguanas
  Terence (D:3)
  2 orc wizards (D:4)
  A scorpion zombie (D:5)
  A mummy (D:4)
  2 hound skeletons
  6 adders
  5 worms
  4 dart slugs
  5 orcs
  5 endoplasms
  A giant cockroach (D:2)
  7 goblins
  8 hobgoblins
  3 jackals (D:2)
  3 quokkas
  4 ball pythons
  5 bats
  3 frilled lizards
  A kobold (D:4)
  5 rats
80 creatures vanquished.

Vanquished Creatures (others)
  An orc wizard (D:4)
1 creature vanquished.

Grand Total: 81 creatures vanquished

Notes
Turn   | Place    | Note
-------+----------+-------------------------------------------
     0 | Abyss:1  | Gargoyl the Gargoyle Abyssal Knight began the quest for the
                  | Orb.
     0 | Abyss:1  | Reached XP level 1. HP: 14/14 MP: 2/2
     2 | D:1      | Escaped the Abyss
   247 | D:1      | Reached * piety under Lugonu
   248 | D:1      | Found Giykk's Assorted Antiques.
   314 | D:1      | Found a faded altar of an unknown god.
   591 | D:1      | Reached XP level 2. HP: 19/19 MP: 3/3
   803 | D:2      | Reached skill level 2 in Axes
  1086 | D:2      | Reached XP level 3. HP: 24/24 MP: 4/4
  1286 | D:2      | Noticed Sigmund
  1814 | D:2      | Reached XP level 4. HP: 29/29 MP: 5/5
  2275 | D:2      | Killed Sigmund
  2276 | D:2      | Reached skill level 3 in Axes
  2276 | D:2      | Reached skill level 1 in Dodging
  2276 | D:2      | Reached skill level 1 in Stealth
  2276 | D:2      | Reached XP level 5. HP: 15/34 MP: 6/6
  2602 | D:2      | Reached skill level 4 in Axes
  2791 | D:3      | Reached XP level 6. HP: 35/39 MP: 7/7
  2803 | D:3      | Noticed Terence
  3092 | D:3      | Found a white marble altar of Elyvilon.
  3612 | D:3      | HP: 2/58 [Terence (2)]
  3620 | D:3      | Killed Terence
  3963 | D:3      | Reached ** piety under Lugonu
  4396 | D:4      | Found a hazy altar of Hepliaklqana.
  4432 | D:4      | Reached XP level 7. HP: 35/44 MP: 8/8
  4889 | D:1      | Bought a runed hand axe for 120 gold pieces
  5044 | D:4      | Found a shimmering altar of Xom.
  5081 | D:3      | Reached skill level 5 in Axes
  5372 | D:4      | Found a shimmering blue altar of Sif Muna.
  5527 | D:4      | Found a snail-covered altar of Cheibriados.
  5730 | D:5      | Entered Level 5 of the Dungeon
  5852 | D:5      | Noticed Blork the orc
  5882 | D:5      | Killed Blork the orc
  6185 | D:5      | Found a blossoming altar of Fedhas.
  6206 | D:5      | Killed from afar by an orc priest

Illustrated notes

Levels and vault maps discovered:
D:1:      ncdulo_watergridlock, layout_loops_ring,
          hellmonk_ecumenical_altar_run_dry, serial_shops, shop
D:2:      layout_loops_corners, uniq_sigmund
D:3:      layout_rooms, nicolae_overflow_hidden_temple,
          kennysheep_generic_room_5, uniq_terence
D:4:      layout_rooms, led_sif_book, mainiacjoe_overflow_cross_hatched,
          slow_altar_1, brannock_xom_greatest_gift, minmay_fountain_box,
          grunt_ministairs_13
D:5:      layout_rooms, mainiacjoe_overflow_surrounded_room, okawaru_trees_2,
          uniq_duvessa, uniq_blork_the_orc

Skill      XL: |  1  2  3  4  5  6  7 |
---------------+----------------------+-----
Axes           | 2 3 4 5 |  5.4
Fighting       | 4 |  4.9
Armour         | 3 4 |  4.7
Dodging        | 1 2 |  2.4
Stealth        | 1 |  1.6
Invocations    | |  2.1

Action                   |  1- 3 |  4- 6 |  7- 9 || total
-------------------------+-------+-------+-------++-------
Melee: Hand axe          |    74 |   198 |    88 ||   360
       Punch             |     1 |     7 |     1 ||     9
Invok: Depart the Abyss  |     1 |       |       ||     1
       Bend Space        |       |       |     1 ||     1
  Use: Scroll            |     1 |     5 |     2 ||     8
       Potion            |       |     8 |     2 ||    10
Armor: Leather armour    |    17 |       |       ||    17
       Skin              |     6 |    29 |     3 ||    38
       Scale mail        |    24 |    95 |    46 ||   165
Dodge: Dodged            |    52 |    79 |    35 ||   166
       Repelled          |       |     1 |       ||     1

Table legend: (Time is in decaauts)
 A = Elapsed time spent in this place.
 B = Non-inter-level travel time spent in this place.
 C = Inter-level travel time spent in this place.
 D = Time resting spent in this place.
 E = Time spent auto-exploring this place.
 F = Levels seen in this place.
 G = Mean time per level.
                   A        B        C        D        E       F      G
               +--------+--------+--------+--------+--------+-----+--------+
         Total |   6250 |   5938 |    312 |   1411 |   3203 |   6 | 1041.7 |
       Dungeon |   6248 |   5936 |    312 |   1411 |   3202 |   5 | 1249.6 |
         Abyss |      2 |      2 |      0 |      0 |      1 |   1 |    2.0 |
               +--------+--------+--------+--------+--------+-----+--------+

Top non-repeatable levels by time:
     D:2: 1783 daAuts
     D:3: 1586 daAuts
     D:1: 1290 daAuts
     D:4: 1110 daAuts
     D:5: 477 daAuts
 Abyss:1: 2 daAuts
